 Dungeon Crawl Stone Soup version 0.29.1-13-g9f3cf754e1 (webtiles) character file.

Game seed: 14832971041708005313

490 cowcol the Slasher (level 6, -4/53 HPs)
             Began as a Minotaur Monk on Jan 30, 2023.
             Slain by an iguana (8 damage)
             ... on level 5 of the Dungeon.
             The game lasted 00:11:18 (3759 turns).

cowcol the Slasher (Minotaur Monk)                  Turns: 3759, Time: 00:11:19

Health: -4/53      AC:  8    Str: 18    XL:     6   Next: 90%
Magic:  5/5        EV: 11    Int:  7    God:
Gold:   187        SH:  0    Dex: 12    Spells: 5/5 levels left

rFire   . . .      SeeInvis .   j - +1 scimitar
rCold   . . .      Faith    .   (no shield)
rNeg    + . .      Spirit   .   p - +2 scale mail
rPois   .          Reflect  .   (helmet restricted)
rElec   .          Harm     .   (no cloak)
rCorr   +          Rampage  .   (no gloves)
Will    .....                   (no boots)
Stlth   ..........              (no amulet)
HPRegen 0.17/turn               g - ring of resist corrosion
MPRegen 0.09/turn               c - ring of positive energy

@: no status effects
A: horns 2, retaliatory headbutt
a: no special abilities


You were on level 5 of the Dungeon.
You visited 1 branch of the dungeon, and saw 5 of its levels.

You collected 187 gold pieces.

Inventory:

Hand Weapons
 a - a +0 hand axe
 h - a +0 flail
 j - a +1 scimitar (weapon)
Missiles
 d - 5 poisoned darts (quivered)
 m - 16 stones
Armour
 b - a +0 robe
 i - a +0 ring mail
 p - a +2 scale mail (worn)
Jewellery
 c - a ring of positive energy (right hand)
 g - a ring of resist corrosion (left hand)
 k - a +6 ring of intelligence
 u - a ring of flight
Scrolls
 f - a scroll of identify
 l - 2 scrolls of blinking
 r - a scroll of fog
 s - a scroll of brand weapon
 t - a scroll of immolation
Potions
 e - a potion of lignification
 n - a potion of heal wounds {unknown}
 o - a potion of attraction {unknown}
 q - 2 potions of curing


   Skills:
 + Level 4.5 Fighting
 + Level 5.7 Long Blades
 * Level 5.0 Axes
 + Level 0.6 Throwing
 + Level 2.9 Armour
 + Level 4.1 Dodging
 + Level 1.7 Stealth


You had 5 spell levels left.
You didn't know any spells.
Your spell library contained the following spells:

 Spells                   Type           Power      Damage    Failure   Level
 Apportation              Tloc           0%         N/A       82%         1
 Necrotise                Necr           0%         1d4       82%         1
 Summon Small Mammal      Summ           0%         N/A       82%         1
 Alistair's Intoxication  Tmut/Pois      0%         N/A       100%        5


Dungeon Overview and Level Annotations

Branches:
Dungeon (5/15)
 Temple: D:4-7

Altars:

Portals:
Abyss: D:4

Annotations:
D:4 2 transporters, javelincjr's ghost, novice DjHW


Innate Abilities, Weirdness & Mutations

You have a pair of horns on your head.
You reflexively headbutt those who attack you in melee.


Message History

An iguana comes into view.
You barely miss the phantom.
The phantom hits you but does no damage.
The iguana bites you!
You closely miss the phantom. The phantom misses you. You furiously retaliate!
You headbutt the phantom! The iguana barely misses you. The iguana bites you!
The phantom barely misses you.
You completely miss the phantom.
The phantom is moderately damaged.
The iguana bites you. The phantom hits you.
The phantom blinks!
You blink.
You slash the phantom! You headbutt the phantom.
The phantom is severely damaged.
The phantom barely misses you.
You barely miss the phantom. Your headbutt misses the phantom.
The phantom is severely damaged.
The phantom barely misses you.
You closely miss the phantom. You headbutt the phantom.
The phantom is almost destroyed.
The phantom hits you but does no damage.
The iguana bites you.
You feel better.
The phantom hits you but does no damage.
The iguana bites you.
You miss the phantom.
The phantom is almost destroyed.
The phantom hits you. The iguana barely misses you.
You hit the phantom.
The phantom is almost destroyed.
The phantom hits you but does no damage.
The iguana bites you!
You hit the phantom.
You destroy the phantom!
The iguana bites you but does no damage.
Your Axes skill increases to level 5!
The iguana bites you!
* * * LOW HITPOINT WARNING * * *
The iguana attacks as you move away! The iguana bites you.
* * * LOW HITPOINT WARNING * * *
The iguana attacks as you move away! The iguana bites you!
You die...

#...................
#...##..##..##.......
#...######..##......
....#............
#..............
##...##..##....
#...##..# ....
##.l.....# .^.
#..@.##..# ..
#......##..#
####...##### ##...
#...# #...# #...#
#...#


You could see an iguana.

Vanquished Creatures
  A black bear (D:4)
  A phantom (D:5)
  A scorpion (D:4)
  A jelly (D:5)
  An iguana (D:5)
  2 orc wizards (D:4)
  Robin (D:2)
  4 adders
  An ufetubus (D:5)
  2 dart slugs
  11 orcs (D:4)
  5 bats
  6 endoplasms
  3 giant cockroaches
  11 goblins
  5 hobgoblins
  7 jackals
  5 quokkas
  6 ball pythons
  7 frilled lizards
  5 kobolds
  4 rats
90 creatures vanquished.

Vanquished Creatures (others)
  3 plants (D:5)
3 creatures vanquished.

Grand Total: 93 creatures vanquished

Notes
Turn   | Place    | Note
-------+----------+-------------------------------------------
     0 | D:1      | cowcol the Minotaur Monk began the quest for the Orb.
     0 | D:1      | Reached XP level 1. HP: 19/19 MP: 0/0
   233 | D:1      | Reached XP level 2. HP: 27/27 MP: 1/1
   872 | D:2      | Reached skill level 1 in Long Blades
   872 | D:2      | Reached XP level 3. HP: 33/33 MP: 2/2
   922 | D:2      | Noticed Robin
   934 | D:2      | Killed Robin
  1172 | D:2      | Reached XP level 4. HP: 40/40 MP: 3/3
  1459 | D:2      | Reached skill level 1 in Armour
  1860 | D:3      | Found a faded altar of an unknown god.
  2900 | D:4      | Noticed an ancient zyme
  2908 | D:4      | Noticed a small abomination
  2912 | D:4      | Found a transporter.
  3032 | D:4      | Found a transporter.
  3052 | D:4      | Reached XP level 5. HP: 46/46 MP: 4/4
  3269 | D:4      | Noticed a small abomination
  3270 | D:4      | Found a one-way gate to the infinite horrors of the Abyss.
  3270 | D:4      | Noticed javelincjr's ghost (novice DjHW)
  3299 | D:4      | Noticed a black bear
  3303 | D:4      | Killed a black bear
  3412 | D:4      | Reached XP level 6. HP: 52/52 MP: 5/5
  3689 | D:5      | Entered Level 5 of the Dungeon
  3699 | D:5      | Reached skill level 5 in Long Blades
  3755 | D:5      | Reached skill level 5 in Axes
  3759 | D:5      | Slain by an iguana

Illustrated notes

Levels and vault maps discovered:
D:1:      psy_arrival_terrarium, layout_basic, st_stairs_3
D:2:      layout_basic, minmay_misc_feat_doors, chequers_hall_statues_corner_a,
          uniq_robin
D:3:      layout_loops_corners, nicolae_ecumenical_pavilion
D:4:      layout_loops_cross, gammafunk_ghost_abyssal_escape,
          minmay_crystal_water
D:5:      layout_gridville, zin_purify, marbit_many_paths, slow_altar_1,
          cheibrodos_sewer_entry_bend, skrybe_limestone_x, serial_bayou_lake_a

Skill      XL: |  1  2  3  4  5  6 |
---------------+-------------------+-----
Axes           | 4 5 |  5.0
Fighting       | 4 |  4.5
Long Blades    | 1 2 3 4 5 |  5.7
Armour         | 1 2 |  2.9
Dodging        | 4 |  4.1
Throwing       | |  0.6
Stealth        | |  1.7

Action                   |  1- 3 |  4- 6 || total
-------------------------+-------+-------++-------
Melee: Hand axe          |    15 |       ||    15
       Headbutt          |     8 |    23 ||    31
       Scimitar          |    48 |   119 ||   167
       Punch             |       |     1 ||     1
Throw: Dart              |     5 |     6 ||    11
  Use: Scroll            |     3 |    10 ||    13
       Potion            |     3 |     1 ||     4
 Stab: Sleeping          |     2 |       ||     2
Armor: Robe              |     1 |       ||     1
       Ring mail         |    25 |    12 ||    37
       Scale mail        |       |    37 ||    37
Dodge: Dodged            |    56 |    83 ||   139
